[Event "Titled Tuesday Blitz June 13 Early 2023"]
[White "Fus, Jakub"]
[Black "San Thit Lwin"]
[WhiteFideId "1193023"]
[BlackFideId "13001272"]
[WhiteElo "2335"]
[BlackElo "2232"]
[Result "1-0"]
[Round "1"]
[TimeControl "180+2"]
[Date "2023.06.13"]
[WhiteClock "0:00:17"]
[BlackClock "0:00:00"]
[Board "114"]

1. e4 Nf6 2. e5 Nd5 3. d4 d6 4. Nf3 Bg4 5. Be2 e6 6. O-O Be7 7. c4 Nb6 8. Nc3 O-O 9. b3 Nc6 10. exd6 cxd6 11. Be3 d5 12. c5 Nc8 13. Rb1 Bf6 14. b4 a6 15. a4 N8e7 16. b5 axb5 17. axb5 Na5 18. b6 Nf5 19. Nb5 Bxf3 20. Bxf3 Nxe3 21. fxe3 Nc4 22. Re1 Bg5 23. e4 Be3+ 24. Kh1 Qh4 25. g3 Qh3 26. Bg2 Qh6 27. exd5 Bf2 28. d6 Bxg3 29. h3 Bxe1 30. Qxe1 Na3 31. Nxa3 Rxa3 32. Ra1 Rfa8 33. Rxa3 Rxa3 34. d7 Qg5 35. Qe5 Qd8 36. Qc7 Ra8 37. Bxb7 Qh4 38. Qc8+ Qd8 39. Bxa8 1-0


[Site "https://www.chess.com"]

[Event "Titled Tuesday Blitz June 13 Early 2023"]
[White "Silva, Kaua Marques"]
[Black "benny_aizenberg"]
[WhiteFideId "22701168"]
[WhiteElo "2137"]
[BlackElo "2704"]
[Result "0-1"]
[Round "1"]
[TimeControl "180+2"]
[Date "2023.06.13"]
[WhiteClock "0:00:32"]
[BlackClock "0:01:01"]
[Board "115"]

1. e4 c5 2. Nf3 a6 3. c4 Nc6 4. Nc3 e5 5. g3 d6 6. Bg2 f5 7. d3 Nf6 8. O-O Be7 9. Re1 O-O 10. Nd5 f4 11. gxf4 Bg4 12. f5 Nd4 13. Be3 Nxd5 14. cxd5 Bxf3 15. Bxf3 g6 16. Bxd4 cxd4 17. fxg6 hxg6 18. Bg4 Bh4 19. Rf1 Qg5 20. Kh1 Bxf2 21. Qe2 Be3 22. h3 Kg7 23. Qc2 Qe7 24. Kg2 Kh6 25. b3 Qh4 26. Rae1 Rf4 27. Rxf4 exf4 28. Rf1 Rf8 29. Kh1 f3 30. Qh2 f2 31. Kg2 Bf4 32. Qh1 Qg3# 0-1


[Site "https://www.chess.com"]

[Event "Titled Tuesday Blitz June 13 Early 2023"]
[White "Maatman, Nick"]
[Black "Itkis, Boris"]
[WhiteFideId "1040391"]
[BlackFideId "1209167"]
[WhiteElo "2702"]
[BlackElo "2219"]
[Result "1-0"]
[Round "1"]
[TimeControl "180+2"]
[Date "2023.06.13"]
[WhiteClock "0:00:25"]
[BlackClock "0:00:51"]
[Board "116"]

1. d4 d5 2. c4 e6 3. Nf3 Nf6 4. g3 Bb4+ 5. Bd2 a5 6. Bg2 O-O 7. O-O dxc4 8. Qc2 Bxd2 9. Nbxd2 b5 10. a4 c6 11. Rfc1 Ra7 12. Ne5 Nd5 13. Ne4 f6 14. Nf3 Nd7 15. b3 f5 16. Nd6 c3 17. axb5 cxb5 18. Nxb5 Rb7 19. Nxc3 N7f6 20. Nxd5 Nxd5 21. Ne5 Qb6 22. Nc4 Qxb3 23. Nxa5 Qxc2 24. Rxc2 Ra7 25. Nb3 Rxa1+ 26. Nxa1 Bb7 27. Nb3 Ra8 28. Bf3 Kf7 29. Kg2 g5 30. h3 Kf6 31. Nc5 Ra7 32. Nxb7 Rxb7 33. Bxd5 exd5 34. Rc6+ Kf7 35. Rh6 Rb4 36. e3 Kg7 37. Re6 Rb5 38. Re5 Kf6 39. g4 fxg4 40. hxg4 Ra5 41. Kg3 h6 42. Kg2 Rb5 43. Kh2 Ra5 44. Kg3 Rb5 45. Kg2 Ra5 46. e4 Ra4 47. Rxd5 Ke6 48. f3 Rb4 49. Kg3 Rc4 50. Re5+ Kf6 51. Rf5+ Kg6 52. d5 h5 53. gxh5+ Kxh5 54. Rf6 Rc3 55. d6 Rd3 56. e5 g4 57. Rf5+ Kg6 58. Kxg4 Rd4+ 59. f4 Rd1 60. Rf6+ Kg7 61. Kf5 1-0


[Site "https://www.chess.com"]

[Event "Titled Tuesday Blitz June 13 Early 2023"]
[White "Fajdetic, Hrvoje"]
[Black "Levitskiy, Andrey"]
[WhiteFideId "14501945"]
[BlackFideId "14132885"]
[WhiteElo "2185"]
[BlackElo "2347"]
[Result "0-1"]
[Round "1"]
[TimeControl "180+2"]
[Date "2023.06.13"]
[WhiteClock "0:00:00"]
[BlackClock "0:00:04"]
[Board "117"]

1. d4 Nf6 2. Bf4 d5 3. e3 c5 4. Nc3 cxd4 5. exd4 a6 6. Bd3 Nc6 7. Nce2 Bg4 8. f3 Bh5 9. c3 e6 10. g4 Bg6 11. h4 Bd6 12. h5 Bxd3 13. Qxd3 Bxf4 14. Nxf4 Qd6 15. Nge2 h6 16. Qe3 O-O-O 17. O-O-O Rhe8 18. Nd3 Nd7 19. f4 f6 20. Rhg1 e5 21. fxe5 fxe5 22. dxe5 Ndxe5 23. Nxe5 Rxe5 24. Qd2 Rde8 25. Nd4 Nxd4 26. Qxd4 Kb8 27. Kb1 Qc6 28. Rd2 Qe6 29. a3 Qc6 30. Rgd1 R8e7 31. Qf4 Ka8 32. Qf8+ Ka7 33. Qf2+ Ka8 34. Qf8+ Ka7 35. Qf2+ Kb8 36. Qf4 Kc8 37. Qf8+ Kc7 38. Qf4 Kb6 39. Qf2+ Qc5 40. Rd4 Re4 41. Rb4+ Rxb4 42. Qxc5+ Kxc5 43. axb4+ Kc6 44. Rd4 Re4 45. Rxe4 dxe4 46. c4 Kd6 47. Kc2 Ke5 48. Kc3 Kf4 49. c5 e3 50. Kd3 Kf3 51. b5 axb5 0-1


[Site "https://www.chess.com"]

[Event "Titled Tuesday Blitz June 13 Early 2023"]
[White "Skvortsov, Andrei"]
[Black "Gutkin, Ilya"]
[WhiteFideId "24108600"]
[BlackFideId "16203470"]
[WhiteElo "2259"]
[BlackElo "2248"]
[Result "1/2-1/2"]
[Round "1"]
[TimeControl "180+2"]
[Date "2023.06.13"]
[WhiteClock "0:00:06"]
[BlackClock "0:00:08"]
[Board "118"]

1. e4 e6 2. d4 d5 3. exd5 exd5 4. Nf3 Nc6 5. Nc3 Bb4 6. Bd3 Nge7 7. O-O h6 8. Ne2 O-O 9. c3 Bd6 10. Ng3 Bxg3 11. hxg3 Bf5 12. Be2 Ng6 13. Re1 Re8 14. Be3 Qd7 15. Qb3 a6 16. Bf1 b5 17. a4 Na5 18. Qb4 Nc4 19. axb5 axb5 20. Rxa8 Rxa8 21. Bc1 Qd6 22. Qxb5 c6 23. Qc5 Qxc5 24. dxc5 Rb8 25. Nd4 Bd7 26. b3 Na5 27. b4 Nc4 28. Bf4 Ra8 29. Bc7 Ra3 30. b5 cxb5 31. c6 Be6 32. Nxe6 fxe6 33. Bxc4 bxc4 34. Bd8 Kf7 35. c7 Ra8 36. Rb1 Ne5 37. f4 Nc6 38. Bh4 Ke8 39. g4 Kd7 40. Re1 Rc8 41. f5 e5 42. Rd1 Kd6 43. f6 gxf6 44. Bxf6 Rxc7 45. g5 hxg5 46. Bxg5 Ke6 47. Be3 Rb7 48. Ra1 Rb3 49. Ra6 Kd7 50. Bd2 Rb2 51. Be1 Rc2 52. g4 d4 53. cxd4 exd4 54. g5 d3 55. g6 Ne7 56. Ra7+ Ke6 57. g7 Ng8 58. Rc7 Kf6 59. Kf1 Kg6 60. Rd7 Kh7 61. Bf2 Re2 62. Rd4 Re7 63. Rxc4 Rxg7 64. Rd4 Rf7 65. Kg2 Nf6 66. Rxd3 Kg6 67. Rg3+ Kf5 68. Rf3+ Ke6 69. Bg3 Ne4 70. Re3 Kd5 71. Be1 Rg7+ 72. Kf3 Rf7+ 73. Ke2 Re7 74. Bh4 Nc3+ 75. Kd3 Rxe3+ 76. Kxe3 1/2-1/2


[Site "https://www.chess.com"]

[Event "Titled Tuesday Blitz June 13 Early 2023"]
[White "Koridze, Lile"]
[Black "Maevsky, Nikolay"]
[WhiteFideId "13612514"]
[BlackFideId "4198220"]
[WhiteElo "2047"]
[BlackElo "2021"]
[Result "0-1"]
[Round "1"]
[TimeControl "180+2"]
[Date "2023.06.13"]
[WhiteClock "0:00:02"]
[BlackClock "0:00:09"]
[Board "119"]

1. d4 d5 2. c4 c6 3. Nf3 e6 4. e3 Nd7 5. Nbd2 f5 6. Bd3 Bd6 7. b3 Qe7 8. O-O Nh6 9. Bb2 Nf7 10. Qc2 O-O 11. g3 b6 12. Ne1 Bb7 13. Ng2 Nf6 14. f4 Ne4 15. Nf3 Rac8 16. Ne5 c5 17. Qe2 Rfd8 18. Rac1 cxd4 19. exd4 Bb8 20. cxd5 exd5 21. Ne3 Nfd6 22. Ba6 g6 23. Ba3 Qe6 24. Bxd6 Nxd6 25. Bxb7 Nxb7 26. Qb5 Bxe5 27. fxe5 Kg7 28. Rxc8 Rxc8 29. Nxd5 a6 30. Qxb6 Qxd5 31. Qf6+ Kg8 32. e6 Nd6 33. e7 Nf7 34. Re1 Re8 35. Rc1 Qd6 36. Qxd6 Nxd6 37. Rc6 Nb5 38. d5 Rxe7 39. Rxa6 Rd7 40. a4 Nd4 41. Ra8+ Kf7 42. b4 Rxd5 43. Ra7+ Kf6 44. Rxh7 Nf3+ 45. Kf2 Ng5 46. Ra7 Rd2+ 47. Ke3 Rxh2 48. b5 Rb2 49. Ra6+ Ne6 50. b6 Ke5 51. a5 Rb3+ 52. Kf2 Nc5 53. Ra8 Rb5 54. Rg8 Kf6 55. Rf8+ Kg7 56. Ra8 Kh6 57. Ra7 Kg5 58. Ra8 Kg4 59. Rg8 g5 60. Ra8 Ne4+ 61. Ke3 Nd6 62. Rd8 Nc4+ 63. Kf2 Nxa5 64. Rd4+ Kh5 65. Ra4 Nc6 66. Ra6 Nd4 67. Ra4 Ne6 68. Ra6 Nc5 69. Ra4 Nxa4 0-1


[Site "https://www.chess.com"]

[Event "Titled Tuesday Blitz June 13 Early 2023"]
[White "Jaracz, Pawel"]
[Black "Tarasova, Viktoriya"]
[WhiteFideId "1102222"]
[BlackFideId "4175840"]
[WhiteElo "2454"]
[BlackElo "2182"]
[Result "1-0"]
[Round "1"]
[TimeControl "180+2"]
[Date "2023.06.13"]
[WhiteClock "0:00:56"]
[BlackClock "0:00:02"]
[Board "120"]

1. e4 e5 2. Nf3 Nc6 3. Bb5 Nf6 4. d3 Bc5 5. c3 O-O 6. O-O Re8 7. Nbd2 a6 8. Ba4 b5 9. Bc2 d6 10. h3 h6 11. a4 b4 12. a5 Bd7 13. Nc4 bxc3 14. bxc3 Ba7 15. Re1 Rb8 16. Ne3 Ne7 17. Bb3 Ng6 18. Bc4 Bb5 19. g3 Bxc4 20. Nxc4 Qd7 21. Kg2 Qc6 22. Be3 Bxe3 23. Nxe3 Rb7 24. c4 Reb8 25. Re2 Rb2 26. Rxb2 Rxb2 27. Rb1 Qb7 28. Rxb2 Qxb2 29. Qa4 Qb7 30. Nd5 c6 31. Nxf6+ gxf6 32. h4 Nf8 33. h5 Ne6 34. Nh4 Nd4 35. Qa3 c5 36. Qa4 Kf8 37. Nf3 Nxf3 38. Kxf3 Ke7 39. Kg2 Kf8 40. Kf3 Ke7 41. Qc2 Kf8 42. Qc1 Kg7 43. Kg2 Qb4 44. Qd1 Qxa5 45. Qg4+ Kh7 46. Qd7 Kg7 47. Qxd6 Qa3 48. f4 exf4 49. gxf4 Qb2+ 50. Kf3 Qc2 51. e5 Qd1+ 52. Ke4 Qh1+ 53. Ke3 Qe1+ 54. Kf3 Qf1+ 55. Kg4 Qg2+ 56. Kf5 Qh3+ 57. Ke4 Qg2+ 58. Ke3 Qg1+ 59. Kd2 Qf2+ 60. Kc3 Qxf4 61. exf6+ Qxf6+ 62. Qxf6+ Kxf6 63. d4 cxd4+ 64. Kxd4 Ke6 65. Kc5 f5 66. Kb6 f4 67. c5 f3 68. c6 f2 69. c7 Kd7 70. Kb7 f1=Q 71. c8=Q+ Kd6 72. Qc6+ Ke7 73. Qxh6 Qb1+ 74. Ka7 Qg1+ 75. Kxa6 Qf1+ 76. Kb6 Qf2+ 77. Kc6 Qf3+ 78. Kc5 Qf2+ 79. Kc4 Qf1+ 80. Kd4 Qf2+ 81. Ke5 Qe1+ 82. Kf5 Qf2+ 83. Kg6 Qg3+ 84. Kh7 Qd3+ 85. Qg6 Qd4 86. Qg7+ Qxg7+ 87. Kxg7 Ke6 88. h6 1-0


[Site "https://www.chess.com"]

[Event "Titled Tuesday Blitz June 13 Early 2023"]
[White "Lacasa Diaz, Jose Antonio"]
[Black "Itgelt, Khuyagtsogt"]
[WhiteFideId "2203375"]
[BlackFideId "4902912"]
[WhiteElo "2338"]
[BlackElo "2227"]
[Result "0-1"]
[Round "1"]
[TimeControl "180+2"]
[Date "2023.06.13"]
[WhiteClock "0:00:13"]
[BlackClock "0:00:31"]
[Board "121"]

1. c4 Nf6 2. Nc3 g6 3. e4 e5 4. Nf3 Bg7 5. g3 O-O 6. Bg2 d6 7. O-O Bg4 8. h3 Bxf3 9. Bxf3 Nc6 10. Bg2 Nd7 11. d3 Nd4 12. b4 a5 13. b5 Nc5 14. Be3 Qd7 15. Rb1 Rae8 16. Bxd4 exd4 17. Nd5 f5 18. exf5 Rxf5 19. Qd2 c6 20. Nb6 Qc7 21. bxc6 bxc6 22. Qxa5 Nxd3 23. Qa4 Rc5 24. Nd5 Qf7 25. Qa3 Ne5 26. Nf4 Nxc4 27. Qb3 Nd2 0-1


[Site "https://www.chess.com"]

[Event "Titled Tuesday Blitz June 13 Early 2023"]
[White "Kucuksari, Kaan"]
[Black "Xie, Bryan"]
[WhiteFideId "6380166"]
[BlackFideId "30941296"]
[WhiteElo "2364"]
[BlackElo "2033"]
[Result "1-0"]
[Round "1"]
[TimeControl "180+2"]
[Date "2023.06.13"]
[WhiteClock "0:00:08"]
[BlackClock "0:00:00"]
[Board "122"]

1. e4 c5 2. Nf3 e6 3. d4 cxd4 4. Nxd4 Nc6 5. Nc3 Qc7 6. Ndb5 Qb8 7. a4 a6 8. Na3 Nf6 9. Bd3 Be7 10. O-O O-O 11. Be3 d6 12. Nc4 Nd7 13. a5 Nce5 14. Nxe5 Nxe5 15. Be2 Bd7 16. f4 Ng6 17. Qe1 Bf6 18. Rd1 Bc6 19. Bc4 Bxc3 20. Qxc3 Bxe4 21. Bb6 d5 22. Bd3 Bxd3 23. Rxd3 Nxf4 24. Re3 Ng6 25. Rg3 Qd6 26. Bc5 Qd7 27. Bxf8 Rxf8 28. Qb4 Rc8 29. Rb3 Rc7 30. Rc3 Ne7 31. Rxc7 Qxc7 32. c3 Nc6 33. Qb6 Qc8 34. Rd1 Ne5 35. Qd4 Nc4 36. b4 h6 37. Rf1 Qd7 38. h3 e5 39. Qc5 e4 40. Rd1 e3 41. Qxd5 Qe7 42. Qd8+ Qf8 43. Kf1 f5 44. Qxf8+ Kxf8 45. Ke2 f4 46. Rd4 1-0


[Site "https://www.chess.com"]

[Event "Titled Tuesday Blitz June 13 Early 2023"]
[White "Melikhov, Evgeny V."]
[Black "Timerkhanov, Alexander"]
[WhiteFideId "4122046"]
[BlackFideId "24177938"]
[WhiteElo "2158"]
[BlackElo "2278"]
[Result "0-1"]
[Round "1"]
[TimeControl "180+2"]
[Date "2023.06.13"]
[WhiteClock "0:00:32"]
[BlackClock "0:00:43"]
[Board "123"]

1. d4 d5 2. c4 e6 3. Nc3 h6 4. cxd5 exd5 5. Bf4 Nf6 6. e3 Bd6 7. Bxd6 Qxd6 8. Bd3 O-O 9. Qc2 a6 10. Nf3 c6 11. O-O Nbd7 12. Rab1 a5 13. a3 Re8 14. b4 axb4 15. axb4 b5 16. Bxb5 cxb5 17. Nxb5 Qb6 18. Nc7 Ba6 19. Nxa8 Rxa8 20. Rfc1 Bc4 21. Nd2 Rc8 22. Nxc4 dxc4 23. Qa4 Nf8 24. b5 c3 25. Rb3 Ne4 26. f3 Nd6 27. Rbxc3 Rb8 28. Rc6 Qd8 29. b6 Ne6 30. Qb4 Nf5 31. b7 Ne7 32. Qxe7 Qxe7 33. Rc8+ Nd8 34. Rxb8 Qxe3+ 35. Kf1 Qxc1+ 36. Kf2 Qc7 37. Rc8 Qxb7 38. Rxd8+ Kh7 39. Re8 Qb4 40. Re4 f5 41. Re2 Qxd4+ 42. Kf1 g5 43. g3 Qc4 44. Kf2 Kg6 45. h3 h5 46. Kg2 h4 47. Rf2 Qc7 48. f4 Qc6+ 49. Kh2 Qc3 50. Rg2 hxg3+ 51. Rxg3 Qd2+ 0-1


[Site "https://www.chess.com"]

[Event "Titled Tuesday Blitz June 13 Early 2023"]
[White "Souleidis, Georgios"]
[Black "Mouhamad, Joachim"]
[WhiteFideId "4206827"]
[BlackFideId "656410"]
[WhiteElo "2401"]
[BlackElo "2125"]
[Result "1-0"]
[Round "1"]
[TimeControl "180+2"]
[Date "2023.06.13"]
[WhiteClock "0:00:59"]
[BlackClock "0:00:59"]
[Board "124"]

1. e4 c5 2. Be2 Nc6 3. d3 g6 4. f4 Bg7 5. Nf3 e6 6. O-O Nge7 7. c3 Rb8 8. Be3 d6 9. d4 cxd4 10. cxd4 Qb6 11. Qd2 d5 12. e5 Nf5 13. Bf2 h5 14. Nc3 a6 15. Na4 Qd8 16. Rac1 Bd7 17. Nc5 O-O 18. b4 Na7 19. a4 Qe8 20. Ra1 Nc8 21. Rfc1 Nb6 22. a5 Nc8 23. Bd3 Na7 24. Bxf5 exf5 25. Bh4 Nc6 26. Re1 Be6 27. Rac1 Bh6 28. Bg5 Bxg5 29. Nxg5 Qe7 30. Nxa6 Nxa5 31. Nxb8 Nc4 32. Rxc4 dxc4 33. d5 Rd8 34. d6 Qf8 35. Nxe6 fxe6 36. Qd4 Rxb8 37. Qxc4 Qf7 38. Rc1 Rd8 39. b5 Kg7 40. b6 Rd7 41. Qc8 g5 42. Qxd7 Qxd7 43. Rc7 1-0


[Site "https://www.chess.com"]

[Event "Titled Tuesday Blitz June 13 Early 2023"]
[White "Goswami, Vedant"]
[Black "Radzhabov, Rodion"]
[WhiteFideId "5003725"]
[BlackFideId "884715"]
[WhiteElo "2011"]
[BlackElo "2174"]
[Result "0-1"]
[Round "1"]
[TimeControl "180+2"]
[Date "2023.06.13"]
[WhiteClock "0:00:38"]
[BlackClock "0:00:06"]
[Board "125"]

1. d4 Nf6 2. Bg5 e6 3. e3 c5 4. Nd2 b6 5. Qf3 Nc6 6. Bxf6 Qxf6 7. Qxf6 gxf6 8. c3 Bb7 9. Ngf3 Rg8 10. g3 O-O-O 11. Bd3 f5 12. O-O-O Kc7 13. Rhe1 Bh6 14. Kb1 d5 15. Bb5 f6 16. Nb3 c4 17. Nbd2 a6 18. Ba4 b5 19. Bc2 a5 20. Nh4 b4 21. Ng2 Rb8 22. Ka1 Bc8 23. Ba4 Bd7 24. Nf4 Kd6 25. Nf3 Rb6 26. Nh5 Rf8 27. Re2 Be8 28. Nf4 Bf7 29. h3 Rfb8 30. Rde1 e5 31. Ng2 Bh5 32. Nfh4 Bxe2 33. Rxe2 bxc3 34. Nxf5+ Ke6 35. Nxh6 Rxb2 36. Rxb2 cxb2+ 37. Kb1 Nb4 38. Ne1 c3 39. Bc2 e4 40. Ng4 Nc6 41. h4 h5 42. Nh2 a4 43. a3 Na5 44. Nf1 Nc4 45. Ka2 Nd2 46. Nxd2 cxd2 47. Ng2 b1=Q+ 48. Bxb1 d1=Q 0-1


[Site "https://www.chess.com"]

[Event "Titled Tuesday Blitz June 13 Early 2023"]
[White "Alex_Sahakyan2006"]
[Black "Mejia, Cherry Ann"]
[BlackFideId "5206880"]
[WhiteElo "2671"]
[BlackElo "2007"]
[Result "1-0"]
[Round "1"]
[TimeControl "180+2"]
[Date "2023.06.13"]
[WhiteClock "0:01:25"]
[BlackClock "0:00:00"]
[Board "126"]

1. Nf3 d5 2. g3 c5 3. Bg2 Nc6 4. O-O e5 5. d3 Nf6 6. Nbd2 Be7 7. e4 O-O 8. Qe2 d4 9. Nc4 Qc7 10. a4 b6 11. Nh4 Be6 12. b3 a6 13. f4 b5 14. Nxe5 Nxe5 15. fxe5 Nd7 16. Nf5 Nxe5 17. Bf4 Bf6 18. g4 Bxf5 19. exf5 Rae8 20. axb5 axb5 21. g5 Bd8 22. Rfe1 f6 23. Bd5+ Kh8 24. g6 h6 25. Qh5 1-0


[Site "https://www.chess.com"]

[Event "Titled Tuesday Blitz June 13 Early 2023"]
[White "Yonal, Timur"]
[Black "Nazari, Arad"]
[WhiteFideId "44115725"]
[BlackFideId "12577324"]
[WhiteElo "1966"]
[BlackElo "2175"]
[Result "0-1"]
[Round "1"]
[TimeControl "180+2"]
[Date "2023.06.13"]
[WhiteClock "0:00:14"]
[BlackClock "0:00:42"]
[Board "127"]

1. e4 c5 2. Nf3 d6 3. Bb5+ Nd7 4. O-O a6 5. Bd3 Ngf6 6. Re1 e6 7. c3 Be7 8. Bc2 O-O 9. d4 b5 10. Nbd2 Bb7 11. Nf1 e5 12. d5 c4 13. Ng3 Nc5 14. Nf5 Bc8 15. Nxe7+ Qxe7 16. Bg5 h6 17. Bh4 Bg4 18. h3 Bh5 19. g4 Bg6 20. Kh2 Bh7 21. Qe2 g5 22. Nxg5 hxg5 23. Bxg5 Kh8 24. Qf3 Ncd7 25. h4 Rg8 26. a4 bxa4 27. Rxa4 Nxg4+ 28. Qxg4 f6 29. Qe6 Qg7 30. Rg1 fxg5 31. Rxg5 Qf6 32. Qxd7 Qxf2+ 33. Kh3 Qf3+ 34. Kh2 Qe2+ 35. Kh3 Qe3+ 36. Kh2 Rxg5 37. hxg5 Rf8 38. Ra1 Rf2+ 39. Kh1 Qf3+ 40. Kg1 Qg2# 0-1


[Site "https://www.chess.com"]

[Event "Titled Tuesday Blitz June 13 Early 2023"]
[White "Darini, Pouria"]
[Black "Hoffmann, Asa"]
[WhiteFideId "12502200"]
[BlackFideId "2001470"]
[WhiteElo "2482"]
[BlackElo "2117"]
[Result "1-0"]
[Round "1"]
[TimeControl "180+2"]
[Date "2023.06.13"]
[WhiteClock "0:01:50"]
[BlackClock "0:01:06"]
[Board "128"]

1. Nf3 d6 2. d4 Bg4 3. Nc3 Nf6 4. g3 Bxf3 5. exf3 e6 6. Bg2 c6 7. O-O Be7 8. a4 Nbd7 9. a5 a6 10. f4 g6 11. Ne2 d5 12. c3 O-O 13. b4 Ne8 14. h4 Nd6 15. h5 Nc4 16. Bf3 Nf6 17. Kg2 Kg7 18. Rh1 Rh8 19. Qd3 Qd6 20. h6+ Kf8 21. g4 Ne8 22. Ng3 Nc7 23. Be3 Nb5 24. Rae1 Bf6 25. Bc1 Rg8 26. Re2 Ke7 27. g5 Bh8 28. f5 e5 29. f6+ Bxf6 30. gxf6+ Kd7 31. Bg4+ Kc7 32. Rhe1 e4 33. Nxe4 dxe4 34. Qxc4 Qd5 35. Bf4+ Kd8 36. Qxd5+ cxd5 37. c4 Nxd4 38. Rd2 1-0


[Site "https://www.chess.com"]

[Event "Titled Tuesday Blitz June 13 Early 2023"]
[White "Begunov, Konstantin"]
[Black "Korchmar, Vasiliy"]
[WhiteFideId "4118510"]
[BlackFideId "24131750"]
[WhiteElo "1993"]
[BlackElo "2370"]
[Result "1-0"]
[Round "1"]
[TimeControl "180+2"]
[Date "2023.06.13"]
[WhiteClock "0:00:08"]
[BlackClock "0:00:00"]
[Board "129"]

1. d4 d5 2. c4 c6 3. Nc3 Nf6 4. cxd5 cxd5 5. Bf4 Nc6 6. e3 Bg4 7. f3 Bd7 8. Bd3 e6 9. Nge2 Be7 10. h3 O-O 11. O-O Rc8 12. Qd2 a6 13. Rfc1 b5 14. a4 b4 15. Nd1 Qb6 16. g4 Na5 17. Rxc8 Rxc8 18. Nc1 Nc4 19. Qe2 b3 20. a5 Nxa5 21. Bxa6 Rc2 22. Qf1 Nc4 23. Nd3 Nd2 24. Qe2 g5 25. Be5 Nde4 26. Qf1 Nd2 27. Qe2 Ne8 28. Ne1 f6 29. Bh2 Bb4 30. Bd3 Rc8 31. Bg3 Nd6 32. h4 h6 33. hxg5 hxg5 34. Qh2 f5 35. gxf5 Nxf5 36. Be5 Kf7 37. Qh7+ Ke8 38. Qg6+ Kd8 39. Bxf5 Bd6 40. Qf6+ Kc7 41. Qe7 Bxe5 42. dxe5 exf5 43. e6 Qxe6 44. Ra7+ Kb8 45. Rxd7 Qxe7 46. Rxe7 1-0


[Site "https://www.chess.com"]

[Event "Titled Tuesday Blitz June 13 Early 2023"]
[White "Ashraf, Artin"]
[Black "Stalri"]
[WhiteFideId "22514805"]
[WhiteElo "2224"]
[BlackElo "2369"]
[Result "1-0"]
[Round "1"]
[TimeControl "180+2"]
[Date "2023.06.13"]
[WhiteClock "0:00:14"]
[BlackClock "0:00:50"]
[Board "130"]

1. Nf3 Nf6 2. d4 g6 3. Bg5 Bg7 4. Nbd2 d5 5. e3 O-O 6. Bd3 c5 7. c3 Nc6 8. O-O h6 9. Bxf6 Bxf6 10. dxc5 a5 11. a4 e5 12. e4 Be6 13. exd5 Qxd5 14. Bc4 Qxc5 15. Bxe6 fxe6 16. Ne4 Qd5 17. Qc2 Be7 18. Rfd1 Qc4 19. b3 Qa6 20. Nc5 Bxc5 21. Qxg6+ Kh8 22. Qxh6+ Kg8 23. Qg6+ Kh8 24. Ng5 Bxf2+ 25. Kh1 1-0


[Site "https://www.chess.com"]

[Event "Titled Tuesday Blitz June 13 Early 2023"]
[White "sebastianmarinp"]
[Black "Manukyan, Sargis V."]
[BlackFideId "13303465"]
[WhiteElo "2365"]
[BlackElo "2236"]
[Result "0-1"]
[Round "1"]
[TimeControl "180+2"]
[Date "2023.06.13"]
[WhiteClock "0:00:00"]
[BlackClock "0:00:04"]
[Board "131"]

1. e4 e6 2. d4 d5 3. Nc3 Bb4 4. e5 c5 5. a3 Bxc3+ 6. bxc3 Ne7 7. a4 Nbc6 8. Nf3 O-O 9. Bd3 h6 10. O-O c4 11. Be2 f6 12. exf6 Rxf6 13. Nh4 Bd7 14. Bg4 Ng6 15. Nxg6 Rxg6 16. Bf4 Rxg4 17. Qxg4 e5 18. Qh5 exf4 19. Qxd5+ Kh8 20. Qxc4 f3 21. g3 Qg5 22. Rfe1 Rf8 23. Re3 Bh3 24. Rb1 Qh5 25. Qc5 Rf5 26. Qd6 Bg2 27. Rbe1 Qxh2+ 0-1


[Site "https://www.chess.com"]

[Event "Titled Tuesday Blitz June 13 Early 2023"]
[White "Ilkhomi, Jaloliddin"]
[Black "Dishman, Stephen"]
[WhiteFideId "14700948"]
[BlackFideId "403024"]
[WhiteElo "2045"]
[BlackElo "2204"]
[Result "1-0"]
[Round "1"]
[TimeControl "180+2"]
[Date "2023.06.13"]
[WhiteClock "0:00:33"]
[BlackClock "0:00:00"]
[Board "132"]

1. Nf3 d5 2. c4 c6 3. cxd5 cxd5 4. d4 Nf6 5. Nc3 Nc6 6. Bf4 Bf5 7. e3 e6 8. Qb3 Bb4 9. Bb5 O-O 10. Bxc6 Bxc3+ 11. Qxc3 Rc8 12. O-O Rxc6 13. Qb3 Qc8 14. Ne5 Rc2 15. f3 h6 16. Rf2 Rxf2 17. Kxf2 Nh5 18. g4 Nxf4 19. exf4 Bh7 20. Qd1 f6 21. Nd3 b6 22. Rc1 Qd7 23. Qe2 Rc8 24. Rxc8+ Qxc8 25. Ne1 Kf7 26. Ng2 Qc6 27. Ne3 Qa4 28. f5 Qxd4 29. fxe6+ Kxe6 30. Kg2 Kf7 31. Nf1 Qe5 32. Qb5 Qd6 33. Ng3 d4 34. Qc4+ Kf8 35. Nf1 Bg6 36. Nd2 d3 37. Qc8+ Kf7 38. Qc4+ Qe6 39. Qxe6+ Kxe6 40. Kf2 Ke5 41. Ke3 f5 42. f4+ Kd5 43. g5 hxg5 44. fxg5 f4+ 45. Kxf4 Kd4 46. Nf3+ Kd5 47. Ke3 a5 48. Nh4 Be4 49. Nf3 a4 50. Ne1 1-0


[Site "https://www.chess.com"]

[Event "Titled Tuesday Blitz June 13 Early 2023"]
[White "Ozalp, Burak"]
[Black "De Silva, L M S T"]
[WhiteFideId "6314210"]
[BlackFideId "9953698"]
[WhiteElo "2106"]
[BlackElo "2395"]
[Result "1-0"]
[Round "1"]
[TimeControl "180+2"]
[Date "2023.06.13"]
[WhiteClock "0:00:12"]
[BlackClock "0:01:27"]
[Board "133"]

1. Nf3 d5 2. e3 Nf6 3. c4 c6 4. b3 g6 5. Bb2 Bg7 6. Be2 O-O 7. O-O Nbd7 8. h3 Re8 9. Ne5 Ne4 10. d4 Nxe5 11. dxe5 Be6 12. Na3 Qc7 13. f4 Red8 14. Qc2 Ng3 15. Rfe1 Nxe2+ 16. Qxe2 dxc4 17. Nxc4 b5 18. Nd2 c5 19. Nf3 Qb6 20. Kh1 Bd5 21. e4 Bb7 22. Rad1 e6 23. f5 Bh6 24. Bc1 Bxc1 25. Rxc1 Rac8 26. Qe3 exf5 27. exf5 Bxf3 28. Qxf3 Rd4 29. e6 Qc6 30. exf7+ Kxf7 31. fxg6+ Kxg6 32. Qg3+ Kh6 33. Re5 Qf6 34. Rce1 Rc6 35. Qe3+ Qf4 36. Re6+ Rxe6 37. Qxe6+ Kg7 38. Qe7+ Qf7 39. Qg5+ Kf8 40. Qxc5+ 1-0


[Site "https://www.chess.com"]

[Event "Titled Tuesday Blitz June 13 Early 2023"]
[White "Sieciechowicz, Marcin"]
[Black "Goldin, Roman"]
[WhiteFideId "1130170"]
[BlackFideId "2803860"]
[WhiteElo "2301"]
[BlackElo "2312"]
[Result "1-0"]
[Round "1"]
[TimeControl "180+2"]
[Date "2023.06.13"]
[WhiteClock "0:02:22"]
[BlackClock "0:00:23"]
[Board "134"]

1. d4 Nf6 2. Bf4 g6 3. e3 Bg7 4. Nf3 O-O 5. Be2 d6 6. O-O c5 7. c3 Nc6 8. Nbd2 cxd4 9. exd4 Nd5 10. Bg3 e5 11. dxe5 dxe5 12. Nc4 Re8 13. Re1 e4 14. Bf1 Nxc3 15. bxc3 exf3 16. Qxf3 Rxe1 17. Rxe1 Be6 18. Nd6 Qd7 19. Bb5 Bxa2 20. Nxb7 Bd5 21. Qd3 Ne5 22. Rxe5 Bxe5 23. Bxd7 1-0


[Site "https://www.chess.com"]

[Event "Titled Tuesday Blitz June 13 Early 2023"]
[White "Sovetbekova, Nurai"]
[Black "Ajay Karthikeyan"]
[WhiteFideId "13801910"]
[BlackFideId "35011685"]
[WhiteElo "1857"]
[BlackElo "2321"]
[Result "0-1"]
[Round "1"]
[TimeControl "180+2"]
[Date "2023.06.13"]
[WhiteClock "0:00:00"]
[BlackClock "0:00:46"]
[Board "135"]

1. d4 Nf6 2. c4 b6 3. Nc3 Bb7 4. Nf3 e6 5. e3 Bb4 6. Be2 Ne4 7. Bd2 Bxc3 8. Bxc3 O-O 9. Bb4 c5 10. dxc5 bxc5 11. Bd2 d6 12. O-O Nd7 13. Qc2 Rc8 14. Rfd1 Ndf6 15. Be1 Qb6 16. Rd3 Bc6 17. Nd2 Nxd2 18. Rxd2 Ne4 19. Rdd1 Rfd8 20. Bd3 f5 21. f3 Nf6 22. Bc3 Kf7 23. Qf2 h6 24. e4 fxe4 25. fxe4 e5 26. Rf1 Rf8 27. Qg3 Kg8 28. Rae1 Kh7 29. Qh3 Bd7 30. Qe3 Be6 31. b3 a5 32. Rf3 Ng4 33. Qe2 Rxf3 34. Qxf3 Qb8 35. Rf1 a4 36. h3 Nf6 37. Bc2 axb3 38. axb3 Rf8 39. Qg3 Nh5 40. Qh4 Nf4 41. Qe1 Qd8 42. Bd2 Qg5 43. Bxf4 exf4 44. e5+ Kh8 45. exd6 Bxh3 46. Rf2 f3 47. Qd2 Qxd2 48. Rxd2 fxg2 49. Rxg2 Bxg2 50. Kxg2 Rd8 51. Be4 Rxd6 52. Bd5 Rb6 53. b4 Rxb4 54. Kg3 g5 55. Kg4 Kg7 56. Kh5 Kf6 57. Kxh6 Rb3 58. Kh5 Rg3 0-1


[Site "https://www.chess.com"]